 Dungeon Crawl Stone Soup version 0.30-a0-591-g3c58d2bc28 (webtiles) character file.

Game seed: 15246747651948901573

90 whiskeysaurus the Grasshopper (level 4, -2/35 HPs)
             Began as a Barachi Warper on Jan 4, 2023.
             Splashed by a jelly's acid (5 damage)
             ... on level 3 of the Dungeon.
             The game lasted 00:02:43 (2021 turns).

whiskeysaurus the Grasshopper (Barachi Warper)      Turns: 2021, Time: 00:02:43

Health: -2/35      AC: -4    Str: 14    XL:     4   Next: 56%
Magic:  7/7        EV: 12    Int: 13    God:
Gold:   131        SH:  0    Dex: 12    Spells: 8/8 levels left

rFire   . . .      SeeInvis .    a - +0 mace
rCold   . . .      Faith    .    (no shield)
rNeg    . . .      Spirit   .    b - +0 leather armour
rPois   .          Reflect  .    (no helmet)
rElec   .          Harm     .    (no cloak)
rCorr   .          Rampage  .    (no gloves)
Will    .....                    (no boots)
Stlth   +                        (no amulet)
HPRegen 0.25/turn                (no ring)
MPRegen 0.10/turn                (no ring)

@: corroded, slow
A: amphibious, slowness 1, strong legs 1, +LOS
a: Hop


You were on level 3 of the Dungeon.
You visited 1 branch of the dungeon, and saw 3 of its levels.

You collected 131 gold pieces.

Inventory:

Hand Weapons
 a - a +0 mace (weapon)
Missiles
 d - 7 boomerangs of dispersal (quivered)
 e - 29 stones
 o - 6 boomerangs
Armour
 b - a +0 leather armour (worn)
Magical Staves
 t - a staff of conjuration
Jewellery
 p - a ring of protection from cold
Scrolls
 c - 2 scrolls of blinking
 g - 2 scrolls of fog {unknown}
 h - 3 scrolls of teleportation {unknown}
 i - 2 scrolls of immolation {unknown}
 j - 2 scrolls of identify {unknown}
 k - a scroll of torment {unknown}
 m - a scroll of noise {unknown}
 n - a scroll of magic mapping {unknown}
 r - a scroll of fear {unknown}
 s - a scroll of vulnerability {unknown}
 u - a scroll of enchant armour {unknown}
Potions
 f - a potion of brilliance {unknown}
 l - 2 potions of curing {unknown}
 q - a potion of resistance {unknown}


   Skills:
 + Level 3.0 Fighting
 + Level 2.8 Maces & Flails
 + Level 1.7 Throwing
 + Level 2.3 Armour
 + Level 2.7 Dodging
 + Level 2.6 Spellcasting
 + Level 3.7 Translocations


You had 8 spell levels left.
You didn't know any spells.
Your spell library contained the following spells:

 Spells                   Type           Power      Damage    Failure   Level
 Blink                    Tloc           22%        N/A       10%         2
 Lesser Beckoning         Tloc           22%        N/A       19%         3
 Teleport Other           Tloc           11%        N/A       19%         3
 Vhi's Electric Charge    Tloc/Air       12%        N/A       38%         3
 Manifold Assault         Tloc           11%        N/A       54%         4


Dungeon Overview and Level Annotations

Branches:
Dungeon (3/15)

Altars:
Gozag
Hepliaklqana

Shops:
D:3 *


Innate Abilities, Weirdness & Mutations

You are amphibious.
You cover ground slowly.
You can hop short distances.
You have an extended range of vision and can be seen from far away.


Message History

No target in view!
No target in view!
No target in view!
No target in view!
No target in view!
No target in view!
No target in view!
No target in view!
No target in view!
No target in view!
No target in view!
No target in view!
u - a scroll labelled KOESEUMNAR You open the door.
There is an open door here.
You open the large door.
There is a large open door here.
There is an open door here.
A jelly comes into view.
A jelly is nearby!
Found 5 stones.
The jelly quivers.
A frilled lizard comes into view.
The frilled lizard hisses angrily.
The jelly hits you. The acid corrodes you!
You are splashed with acid!
You hit the jelly but do no damage.
Your hands burn!
The jelly completely misses you.
You hit the jelly but do no damage.
Your hands burn!
The jelly barely misses you.
You hit the jelly but do no damage.
Your hands burn!
The jelly hits you.
You are splashed with acid!
* * * LOW HITPOINT WARNING * * *
The frilled lizard bites you.
* * * LOW HITPOINT WARNING * * *
The frilled lizard bites you.
* * * LOW HITPOINT WARNING * * *
The jelly hits you.
* * * LOW HITPOINT WARNING * * *
The acid corrodes you!
You are splashed with acid.
You die...

!.......)#########.### #.#.#
.....g.............# #.#.#
..?...)..#########.# #.#.#
~~~.#..............# #.#.#
≈#~.##...###.#####.#####.#.#
#≈ #....###.#...#.........#
#..##....#..†.###..#.#
#...J.#..##.......##.#
#@l..###.....###.#
##.#.#.##..)##.#.#
#.#.'⌠.##†##.⌠'.# .#
#.#.#...#'#...#.# ...
..#.##...'...##.# #..
(###.##.....##..# #.....
#...##.⌠.##..## #.....
#.#..##.##..##
##.....##.##..#'#..##


You could see a jelly and a frilled lizard.

Vanquished Creatures
  2 adders
  3 worms
  2 orcs (D:3)
  7 endoplasms
  3 giant cockroaches (D:1)
  4 goblins
  5 hobgoblins
  4 jackals
  A quokka (D:1)
  7 ball pythons
  6 bats
  A frilled lizard (D:1)
  4 kobolds
  7 rats
  A spectral goblin (D:1)
57 creatures vanquished.

Notes
Turn   | Place    | Note
-------+----------+-------------------------------------------
     0 | D:1      | whiskeysaurus the Barachi Warper began the quest for the
                  | Orb.
     0 | D:1      | Reached XP level 1. HP: 17/17 MP: 3/3
   165 | D:1      | Reached XP level 2. HP: 20/23 MP: 5/5
   256 | D:1      | Found a faded altar of an unknown god.
   707 | D:1      | Reached XP level 3. HP: 28/28 MP: 6/6
   857 | D:1      | Found a hazy altar of Hepliaklqana.
  1499 | D:2      | Found an opulent altar of Gozag.
  1697 | D:2      | Reached XP level 4. HP: 24/35 MP: 7/7
  1833 | D:3      | Found Hatuew's General Store.
  2021 | D:3      | Splashed by a jelly's acid

Illustrated notes

Levels and vault maps discovered:
D:1:      sevenhm_arrival_forest_fort_small_6, layout_basic,
          dreamdust_ecumenical_altar_drowned_temple, hangedman_decor_points,
          minmay_misc_feat_nine_boxes, minmay_misc_feat_five
D:2:      layout_basic, basic_altar, dreamdust_mushroom_princess,
          serial_bayou_pond_a, serial_bayou_pond_c
D:3:      layout_loops_ring, serial_shops, nicolae_shop_hallway_stairs,
          chequers_serial_rivers_small_3, grunt_decor_arrowhead,
          minmay_crystal_water, uniq_crazy_yiuf_cottage

Skill      XL: |  1  2  3 |
---------------+----------+-----
Armour         | 2 |  2.3
Fighting       | 3 |  3.0
Maces & Flails | |  2.8
Throwing       | |  1.7
Dodging        | |  2.7
Spellcasting   | |  2.6
Translocations | |  3.7

Action                   |  1- 3 |  4- 6 || total
-------------------------+-------+-------++-------
Melee: Mace              |   163 |    47 ||   210
Armor: Leather armour    |    63 |    14 ||    77
Dodge: Dodged            |   148 |    33 ||   181

Table legend: (Time is in decaauts)
 A = Elapsed time spent in this place.
 B = Non-inter-level travel time spent in this place.
 C = Inter-level travel time spent in this place.
 D = Time resting spent in this place.
 E = Time spent auto-exploring this place.
 F = Levels seen in this place.
 G = Mean time per level.
                   A        B        C        D        E       F      G
               +--------+--------+--------+--------+--------+-----+--------+
         Total |   2337 |   2240 |     97 |     44 |   1678 |   3 |  779.0 |
       Dungeon |   2337 |   2240 |     97 |     44 |   1678 |   3 |  779.0 |
               +--------+--------+--------+--------+--------+-----+--------+

Top non-repeatable levels by time:
     D:1: 1095 daAuts
     D:2: 918 daAuts
     D:3: 323 daAuts
